 Dungeon Crawl Stone Soup version 0.23.2-1-ga50397a (webtiles) character file.

Game seed: 14244359071461664802

5268 pisstake the Martial Artist (level 10, 0/65 HPs)
             Began as an Octopode Transmuter on June 2, 2019.
             Was an Initiate of Okawaru.
             Slain by a killer bee (6 damage)
             ... on level 10 of the Dungeon.
             The game lasted 00:36:47 (10397 turns).

pisstake the Martial Artist (Octopode Transmuter)  Turns: 10397, Time: 00:36:48

Health: 0/65       AC:  1    Str: 10    XL:     10   Next: 62%
Magic:  18/18      EV: 13    Int: 16    God:    Okawaru [......]
Gold:   365        SH:  0    Dex: 12    Spells: 7/20 levels left

rFire    + . .     SeeInvis .     - Unarmed
rCold    + . .     Gourm    .   (no shield)
rNeg     . . .     Faith    .   (helmet restricted)
rPois    +         Spirit   .   A - +3 amulet of reflection
rElec    +         Reflect  +   y - -3 ring of dexterity (curse)
rCorr    +         Harm     .   (no ring)
MR       .....                  (no ring)
Stlth    ++........             (no ring)
HPRegen  0.20/turn              (no ring)
MPRegen  0.16/turn              (no ring)
                                (no ring)
                                (no ring)

@: confused, lethally poisoned (0 -> -8), resistant
A: almost no armour, stealthy swim, amphibious, 8 rings, constrict 8, camouflage
1, gelatinous body 1
a: Renounce Religion


You were on level 10 of the Dungeon.
You worshipped Okawaru.
Okawaru was noncommittal.
You were not hungry.

You visited 2 branches of the dungeon, and saw 11 of its levels.
You also visited: Ossuary.

You collected 584 gold pieces.
You spent 219 gold pieces at shops.

Inventory:

Missiles
 a - 213 arrows
 j - a throwing net (quivered)
 s - 3 javelins
 u - 10 tomahawks
Armour
 x - a +0 buckler
Jewellery
 g - an uncursed amulet of regeneration
 y - a cursed -3 ring of dexterity (left tentacle)
 A - a +3 amulet of reflection (around mantle)
 B - an uncursed amulet of rage
Wands
 d - a wand of flame (14)
 v - a wand of digging (11)
 E - a wand of polymorph (10)
 G - a wand of iceblast (6)
Scrolls
 e - 2 scrolls of enchant armour
 f - a scroll of immolation {unknown}
 m - 3 scrolls of remove curse
 C - 2 scrolls of blinking {unknown}
 F - a scroll of silence {unknown}
Potions
 b - a potion of flight
 h - a potion of agility
 i - 5 potions of resistance
 k - a potion of brilliance
 l - a potion of lignification {unknown}
 o - 3 potions of might
 r - 2 potions of magic {unknown}
 t - 2 potions of degeneration {unknown}
 w - 5 potions of haste
 z - 3 potions of cancellation
 D - a potion of berserk rage {unknown}
Comestibles
 c - 15 rations


   Skills:
 * Level 4.5 Fighting
 - Level 2.1 Dodging
 - Level 1.6 Stealth
 + Level 9.3 Unarmed Combat
 * Level 5.6 Spellcasting
 + Level 6.6 Transmutations
 - Level 6.2 Ice Magic
 - Level 4.7 Poison Magic
 * Level 2.5 Evocations


You had 7 spell levels left.
You knew the following spells:

 Your Spells              Type           Power        Failure   Level  Hunger
a - Beastly Appendage     Tmut           ####..       1%          1    None
b - Sticks to Snakes      Tmut           ####....     1%          2    #......
c - Spider Form           Tmut/Pois      ###.......   4%          3    ##.....
d - Ice Form              Ice/Tmut       ####....     10%         4    ####...
e - Regeneration          Chrm/Necr      #.........   41%         3    ##.....

Your spell library contained the following spells:

 Spells                   Type           Power        Failure   Level  Hunger
 Ensorcelled Hibernation  Hex/Ice        ##....       6%          2    #......
 Corona                   Hex            #......      14%         1    None
 Infusion                 Chrm           #...         14%         1    None
 Shroud of Golubria       Chrm/Tloc      #.........   22%         2    #......
 Song of Slaying          Chrm           #.......     22%         2    #......
 Blade Hands              Tmut           ####......   26%         5    ######.
 Confuse                  Hex            #.......     41%         3    ##.....
 Dazzling Spray           Conj/Hex       #.....       41%         3    ##.....
 Spectral Weapon          Hex/Chrm       #.......     41%         3    ##.....
 Tukima's Dance           Hex            #.......     41%         3    ##.....


Dungeon Overview and Level Annotations

Branches:
Dungeon (10/15)            Temple (1/1) D:6            Lair (0/6) D:8
    Orc (0/2) D:9

Altars:
Ashenzari
Cheibriados
Dithmenos
Elyvilon
Fedhas
Gozag
Hepliaklqana
Kikubaaqudgha
Makhleb
Nemelex Xobeh
Okawaru
Qazlal
Ru
Sif Muna
Trog
Uskayaw
Vehumet
Wu Jian
Xom
Yredelemnul
Zin
The Shining One

Shops:
D:9 =

Annotations:
D:2 exclusion: downstairs
D:3 Grinder
D:8 exclusion: downstairs


Innate Abilities, Weirdness & Mutations

You cannot wear most types of armour.
You are very stealthy in the water. (Stealth+)
You are amphibious.
You can wear up to eight rings at the same time.
You can use your tentacles to constrict eight enemies at once.
Your skin changes colour to match your surroundings (Stealth+).
Your rubbery body absorbs attacks. (AC +1, EV +1)


Message History

You feel sick. The killer bee barely misses you.
The killer bee stings you but does no damage.
The killer bee stings you.
* * * LOW HITPOINT WARNING * * *
The killer bee stings you.
* * * LOW HITPOINT WARNING * * *
You are confused.
You feel invigorated.
You feel sick.
The killer bee stings you but does no damage.
The killer bee stings you.
* * * LOW HITPOINT WARNING * * *
The killer bee stings you.
* * * LOW HITPOINT WARNING * * *
The killer bee stings you!
* * * LOW HITPOINT WARNING * * *
You bump into the metal wall.
You warm up again.
* * * LOW HITPOINT WARNING * * *
You feel sick. The killer bee stings you.
You die...

#.......##..#
##..
#.......##..#
....
#.......##..#
....
#.......##..#
....
###....######
.... #....#...#
#### #....#...#
+...y#...#
#...@yy..#
.###+##...######
#####
................
.....
.....}....#.....
....
.............#..
.....
......####+#....
.#### ..##.. ...
. .... .. #####
.


You could see 3 killer bees.

Vanquished Creatures
  2 hippogriffs
  Sigmund (D:6)
  3 hungry ghosts
  2 wargs (D:8)
  Edmund (D:6)
  4 orc warriors
  Duvessa (D:6)
  3 ice beasts
  A sky beast (D:8)
  2 ogres
  3 eyes of draining
  3 centaurs
  5 bullfrogs
  Dowan (D:6)
  3 water moccasin zombies (Ossuary)
  5 killer bees (D:7)
  7 wights (D:9)
  3 howler monkeys
  4 crimson imps
  A jelly (D:8)
  A bullfrog zombie (D:5)
  A centaur skeleton (D:7)
  6 orc priests
  4 hounds
  A quasit (D:8)
  A bullfrog skeleton (D:5)
  7 orc wizards
  2 iguanas
  3 worker ants (D:6)
  2 big kobold zombies (Ossuary)
  3 hound zombies
  2 hound skeletons
  3 mummies
  A worker ant zombie (D:10)
  Robin (D:4)
  5 adders
  4 gnolls (D:6)
  A howler monkey skeleton (D:4)
  An ooze (D:3)
  A worm (D:3)
  6 adder zombies
  7 dart slugs
  6 leopard geckos
  18 orcs
  6 bats
  9 giant cockroaches
  A gnoll zombie (Ossuary)
  20 goblins
  10 hobgoblins
  16 jackals
  7 kobolds
  2 quokkas
  A ball python (D:1)
  9 frilled lizards
  A goblin zombie (D:7)
  9 hobgoblin zombies (Ossuary)
  4 kobold zombies (Ossuary)
  9 orc zombies
  A quokka skeleton (D:5)
  15 rats
262 creatures vanquished.

Notes
Turn   | Place    | Note
-------+----------+-------------------------------------------
     0 | D:1      | pisstake the Octopode Transmuter began the quest for the
                  | Orb.
     0 | D:1      | Reached XP level 1. HP: 13/13 MP: 3/3
     2 | D:1      | Noticed a naga
     2 | D:1      | Noticed a draconian
     4 | D:1      | Noticed a spriggan
     6 | D:1      | Noticed a formicid
     6 | D:1      | Noticed a merfolk
     8 | D:1      | Noticed a ghoul
     8 | D:1      | Noticed a dwarf
    10 | D:1      | Noticed a vampire
    10 | D:1      | Noticed an octopode
    12 | D:1      | Noticed a troll
    12 | D:1      | Noticed a tengu
    14 | D:1      | Noticed a gargoyle
    14 | D:1      | Noticed a felid
    18 | D:1      | Noticed an ogre
    18 | D:1      | Noticed a centaur
    20 | D:1      | Noticed a human
    20 | D:1      | Noticed a minotaur
    22 | D:1      | Noticed a halfling
    22 | D:1      | Noticed a vine stalker
    24 | D:1      | Noticed a demonspawn
    26 | D:1      | Noticed an elf
    26 | D:1      | Noticed a demigod
   449 | D:1      | Reached XP level 2. HP: 12/18 MP: 5/5
   547 | D:1      | Learned a level 2 spell: Sticks to Snakes
   776 | D:1      | Reached XP level 3. HP: 18/23 MP: 6/6
   781 | D:1      | Learned a level 3 spell: Spider Form
  1826 | D:2      | Reached skill level 4 in Unarmed Combat
  1959 | D:2      | Reached XP level 4. HP: 28/28 MP: 7/7
  2101 | D:2      | Reached skill level 1 in Poison Magic
  2646 | D:2      | Reached XP level 5. HP: 33/33 MP: 6/8
  2757 | D:3      | Noticed Grinder
  2767 | D:3      | Paralysed by Grinder for 6 turns
  2980 | D:3      | Noticed a centaur
  2988 | D:3      | Killed a centaur
  2988 | D:3      | Reached skill level 5 in Unarmed Combat
  3260 | D:3      | Reached XP level 6. HP: 38/38 MP: 7/9
  3768 | D:2      | Found a hide-covered altar of Uskayaw.
  3936 | D:4      | Noticed Robin
  4146 | D:4      | Killed Robin
  4176 | D:4      | Reached skill level 6 in Unarmed Combat
  4702 | D:5      | Entered Level 5 of the Dungeon
  4771 | D:5      | Reached XP level 7. HP: 36/43 MP: 11/11
  4782 | D:5      | Learned a level 4 spell: Ice Form
  4929 | D:5      | Found a sacrificial altar of Ru.
  5502 | D:6      | Found a shimmering altar of Xom.
  5505 | D:6      | Found a shimmering altar of Xom.
  5506 | D:6      | Found a shimmering altar of Xom.
  5506 | D:6      | Found a shimmering altar of Xom.
  5611 | D:6      | Found a shimmering altar of Xom.
  5619 | D:6      | Found a shimmering altar of Xom.
  5619 | D:6      | Found a shimmering altar of Xom.
  5651 | D:6      | Noticed Edmund
  5652 | D:6      | Found a staircase to the Ecumenical Temple.
  5669 | D:6      | Killed Edmund
  5727 | D:6      | Reached skill level 7 in Unarmed Combat
  5727 | D:6      | Reached XP level 8. HP: 45/51 MP: 9/12
  6003 | D:6      | Noticed Dowan
  6069 | D:6      | Found a radiant altar of Vehumet.
  6168 | D:6      | Noticed Duvessa
  6180 | D:6      | Killed Duvessa
  6202 | D:6      | Killed Dowan
  6338 | D:6      | Noticed Sigmund
  6351 | D:6      | Killed Sigmund
  6385 | D:6      | Found a stormy altar of Qazlal.
  6389 | D:6      | Found a snail-covered altar of Cheibriados.
  6389 | D:6      | Found a sparkling altar of Nemelex Xobeh.
  6402 | D:6      | Found an opulent altar of Gozag.
  6405 | D:6      | Found a glowing golden altar of the Shining One.
  6474 | D:7      | Found a hide-covered altar of Uskayaw.
  6534 | D:7      | Reached skill level 8 in Unarmed Combat
  6637 | D:7      | Noticed a hippogriff
  6665 | D:7      | Killed a hippogriff
  6665 | D:7      | Reached skill level 1 in Stealth
  6665 | D:7      | Reached skill level 5 in Transmutations
  6665 | D:7      | Reached skill level 1 in Ice Magic
  6665 | D:7      | Reached XP level 9. HP: 19/57 MP: 12/14
  6807 | D:7      | Found a sand-covered staircase.
  6815 | Ossuary  | Entered an ossuary
  7099 | D:7      | Learned a level 3 spell: Regeneration
  7209 | D:7      | Reached skill level 5 in Ice Magic
  7457 | D:8      | Found a shadowy altar of Dithmenos.
  7851 | D:8      | Found a staircase to the Lair.
  7882 | D:8      | Reached XP level 10. HP: 36/63 MP: 14/17
  7894 | D:8      | Reached skill level 5 in Spellcasting
  8565 | D:9      | Noticed an eight-headed hydra
  8850 | D:9      | Reached skill level 1 in Evocations
  8860 | D:9      | Found a staircase to the Orcish Mines.
  8939 | D:9      | Found Fixkuf's Jewellery Shoppe.
  8976 | D:9      | Bought a +3 amulet of reflection for 219 gold pieces
  9723 | D:10     | Entered Level 10 of the Dungeon
  9805 | Temple   | Entered the Ecumenical Temple
  9993 | Temple   | Became a worshipper of Warmaster Okawaru
 10126 | D:10     | Reached skill level 9 in Unarmed Combat
 10397 | D:10     | Slain by a killer bee

Skill      XL: |  1  2  3  4  5  6  7  8  9 10 |
---------------+-------------------------------+-----
Unarmed Combat | 4 5 6 7 8 9 |  9.3
Poison Magic   | 1 2 3 4 |  4.7
Transmutations | 3 5 6 |  6.6
Spellcasting   | 3 4 5 |  5.6
Fighting       | 2 3 4 |  4.5
Stealth        | 1 |  1.6
Ice Magic      | 1 6 |  6.2
Evocations     | 2 |  2.5
Dodging        | |  2.1

Action                   |  1- 3 |  4- 6 |  7- 9 | 10-12 || total
-------------------------+-------+-------+-------+-------++-------
Melee: Unarmed           |   107 |   149 |   321 |   195 ||   772
       Constrict         |    32 |    31 |    37 |    18 ||   118
       Tentacles         |    12 |    15 |    29 |    17 ||    73
       Kick              |     4 |    14 |    26 |    16 ||    60
       Punch             |     2 |     1 |     5 |     3 ||    11
 Cast: Beastly Appendage |     3 |    11 |    15 |    11 ||    40
       Spider Form       |       |     6 |    13 |     3 ||    22
       Sticks to Snakes  |       |       |     2 |     1 ||     3
       Ice Form          |       |       |     6 |     5 ||    11
       Regeneration      |       |       |       |     1 ||     1
  Use: Scroll            |       |     4 |    15 |     2 ||    21
       Potion            |       |       |     1 |     6 ||     7
 Stab: Sleeping          |     9 |    12 |    11 |     2 ||    34
       Distracted        |       |     2 |       |     1 ||     3
  Eat: Chunk             |     3 |    10 |     8 |    11 ||    32
       Ration            |       |       |     2 |     1 ||     3
Armor: Skin              |     7 |    13 |    29 |    28 ||    77
Dodge: Dodged            |    49 |   106 |   206 |   101 ||   462
Block: Other             |       |       |       |     7 ||     7
